 Dungeon Sprint DCSS version 0.30-a0-381-g6ea064c7b4 (webtiles) character file.

Game seed: 659007250169983608

5205 rocky1 the Fighter (level 10, 0/119 HPs)
             Began as an Ogre Fighter on Dec 2, 2022.
             Was the Champion of Cheibriados.
             Slain by a seven-headed hydra (10 damage)
             ... in the Dungeon (Sprint VII: "The Pits").
             The game lasted 00:04:13 (1381 turns).

rocky1 the Fighter (Ogre Fighter)                   Turns: 1381, Time: 00:04:14

Health: 0/119      AC:  4    Str: 39    XL:     10   Next: 60%
Magic:  19/19      EV: 16    Int: 26    God:    Cheibriados [******]
Gold:   11         SH: 13    Dex: 23    Spells: 22/22 levels left

rFire   . . .      SeeInvis .    s - +1 broad axe (vorpal)
rCold   . . .      Faith    .    c - +0 kite shield
rNeg    . . .      Spirit   .    b - +0 robe
rPois   .          Reflect  .    (helmet restricted)
rElec   .          Harm     .    u - +0 cloak
rCorr   .          Rampage  .    (gloves unavailable)
Will    +....      NoTele   +    (boots unavailable)
Stlth   ++........               (no amulet)
HPRegen 0.39/turn                (no ring)
MPRegen 0.16/turn                (no ring)

@: very slow
A: large, unfitting armour, tough skin 1
a: Renounce Religion, Bend Time, Temporal Distortion, Slouch, Step From Time


You were in the Dungeon.
You worshipped Cheibriados.
Cheibriados was exalted by your worship.
You visited 1 branch You collected 11 gold pieces.

Inventory:

Hand Weapons
 a - a +0 flail
 n - a +2 mace of protection
 s - a +1 vorpal broad axe (weapon)
 v - a +1 flail of protection
Armour
 b - a +0 robe (worn)
 c - a +0 kite shield (worn)
 u - a +0 cloak (worn)
Jewellery
 o - a +3 ring of intelligence
 p - a +3 ring of strength
Wands
 l - a wand of mindburst (10)
Scrolls
 j - a scroll of blinking
 m - a scroll of summoning
 t - 5 scrolls of amnesia
Potions
 d - 2 potions of might
 e - 5 potions of curing
 f - 10 potions of heal wounds
 g - a potion of haste
 h - 3 potions of magic
 i - 2 potions of berserk rage
 k - 2 potions of invisibility
 q - 3 potions of mutation
 r - 2 potions of brilliance


   Skills:
 + Level 13.5 Fighting
 * Level 10.0(11.6) Axes
 + Level 8.8(10.5) Maces & Flails
 - Level 4.0 Armour
 + Level 9.8 Dodging
 + Level 10.7 Shields
 + Level 6.6 Spellcasting
 + Level 9.4 Invocations


You had 22 spell levels left.
You didn't know any spells.
Your spell library was empty.

Dungeon Overview and Level Annotations

Branches:
Dungeon (1/1)

Altars:
Ashenzari
Cheibriados
Dithmenos
Elyvilon
Fedhas
Gozag
Hepliaklqana
Kikubaaqudgha
Makhleb
Nemelex Xobeh
Okawaru
Qazlal
Ru
Sif Muna
Trog
Uskayaw
Vehumet
Wu Jian
Xom
Yredelemnul
Zin
The Shining One
Jiyva
Lugonu


Innate Abilities, Weirdness & Mutations

You are too large for most types of armour.
You have tough skin. (AC +1)


Message History

You block the polar bear's attack. The polar bear claws you.
The polar bear closely misses you.
You see here a bullfrog corpse.
You completely miss the polar bear. The polar bear closely misses you.
The polar bear misses you. You block the polar bear's attack. x2
The polar bear misses you. You block the polar bear's attack.
You slice the polar bear!!
The polar bear is heavily wounded.
The polar bear bites you! The polar bear claws you. x2
You closely miss the polar bear.
The polar bear is heavily wounded.
You hack one of the six-headed hydra's heads off!
The five-headed hydra grows two more!
You slice the seven-headed hydra!!
The seven-headed hydra is heavily wounded.
The seven-headed hydra bites you! The seven-headed hydra bites you.
The seven-headed hydra misses you.
You block the seven-headed hydra's attack.
The seven-headed hydra bites you! The seven-headed hydra bites you.
The seven-headed hydra bites you but does no damage.
The orc suddenly curses.
The orc attacks as you move away!
The orc hits you with a +3 short sword of electrocution.
You are electrocuted!!
The seven-headed hydra attacks as you move away!
You block the seven-headed hydra's attack.
The seven-headed hydra bites you but does no damage.
You block the seven-headed hydra's attack. x2
The seven-headed hydra bites you. The seven-headed hydra bites you!
* * * LOW HITPOINT WARNING * * *
The seven-headed hydra bites you!
* * * LOW HITPOINT WARNING * * *
You feel much better. The seven-headed hydra bites you!
* * * LOW HITPOINT WARNING * * *
You block the seven-headed hydra's attack.
The seven-headed hydra bites you!
* * * LOW HITPOINT WARNING * * *
The seven-headed hydra bites you.
* * * LOW HITPOINT WARNING * * *
The seven-headed hydra bites you!
You die...

#......+..+ .##
#.....##..## ..#
#...###....### ...
#..##........###.###
#''#..[#..#...#....#
#...))........+....+
#++#..)#..#...#.ho.#
#..##........###D##
#...###....###.)@.#
#..†††##..##....)##
#†.††.'..)...))##
###...'..')..###
############


You could see a seven-headed hydra, a polar bear and an orc.

Vanquished Creatures
  A two-headed ogre (D)
  A sun demon (D)
  An elephant (D)
  Maurice (D)
  An unseen horror (D)
  2 ice devils (D)
  A red devil (D)
  A troll (D)
  A shadow (D)
  A redback (D)
  4 vampire mosquitoes (D)
  A floating eye (D)
  2 orc warriors (D)
  2 ogres (D)
  6 wolves (D)
  A centaur (D)
  A phantom (D)
  A bullfrog (D)
  An iron imp (D)
  2 quasits (D)
  A gnoll bouda (D)
  An orc priest (D)
  2 orc wizards (D)
  3 gnolls (D)
  4 adders (D)
  3 river rats (D)
  An ufetubus (D)
  3 orcs (D)
  2 bats (D)
  2 hobgoblins (D)
  3 jackals (D)
  A kobold (D)
  A rat (D)
59 creatures vanquished.

Notes
Turn   | Place    | Note
-------+----------+-------------------------------------------
     0 | D        | rocky1 the Ogre Fighter began the quest for the Orb.
     0 | D        | Reached XP level 1. HP: 24/24 MP: 1/1
    20 | D        | Reached skill level 5 in Fighting
    20 | D        | Reached XP level 2. HP: 24/35 MP: 2/2
    24 | D        | Found a bloodstained altar of Trog.
    24 | D        | Found a shimmering blue altar of Sif Muna.
    24 | D        | Found a viscous altar of Jiyva.
    24 | D        | Found a hazy altar of Hepliaklqana.
    24 | D        | Found an opulent altar of Gozag.
    25 | D        | Found a glowing golden altar of the Shining One.
    25 | D        | Found a glowing silver altar of Zin.
    25 | D        | Found a basalt altar of Yredelemnul.
    25 | D        | Found a shimmering altar of Xom.
    25 | D        | Found an ornate altar of the Wu Jian Council.
    25 | D        | Found a sacrificial altar of Ru.
    25 | D        | Found a stormy altar of Qazlal.
    25 | D        | Found an iron altar of Okawaru.
    25 | D        | Found a sparkling altar of Nemelex Xobeh.
    25 | D        | Found a burning altar of Makhleb.
    25 | D        | Found a blossoming altar of Fedhas.
    25 | D        | Found a white marble altar of Elyvilon.
    25 | D        | Found a shadowy altar of Dithmenos.
    25 | D        | Found a snail-covered altar of Cheibriados.
    28 | D        | Found a corrupted altar of Lugonu.
    28 | D        | Found a radiant altar of Vehumet.
    29 | D        | Found an ancient bone altar of Kikubaaqudgha.
    29 | D        | Found a hide-covered altar of Uskayaw.
    29 | D        | Found a broken altar of Ashenzari.
    36 | D        | Became a worshipper of Cheibriados the Contemplative
    77 | D        | Reached * piety under Cheibriados
    89 | D        | Reached XP level 3. HP: 37/44 MP: 3/3
   216 | D        | Noticed an ogre
   223 | D        | Reached ** piety under Cheibriados
   224 | D        | Reached skill level 6 in Fighting
   227 | D        | Reached *** piety under Cheibriados
   235 | D        | Killed an ogre
   235 | D        | Reached **** piety under Cheibriados
   236 | D        | Reached skill level 7 in Fighting
   236 | D        | Reached skill level 5 in Dodging
   236 | D        | Reached XP level 4. HP: 23/57 MP: 4/4
   236 | D        | Reached XP level 5. HP: 25/63 MP: 5/5
   403 | D        | Noticed a floating eye
   405 | D        | Reached ***** piety under Cheibriados
   405 | D        | Killed a floating eye
   405 | D        | Noticed a phantom
   406 | D        | Reached skill level 8 in Fighting
   406 | D        | Reached skill level 5 in Maces & Flails
   406 | D        | Reached XP level 6. HP: 74/74 MP: 0/8
   415 | D        | Reached skill level 9 in Fighting
   522 | D        | Reached XP level 7. HP: 83/83 MP: 10/10
   526 | D        | Reached ****** piety under Cheibriados
   641 | D        | Noticed a shadow
   645 | D        | Killed a shadow
   646 | D        | Reached skill level 10 in Fighting
   646 | D        | Reached skill level 5 in Invocations
   743 | D        | Noticed an elephant
   751 | D        | Killed an elephant
   752 | D        | Reached XP level 8. HP: 68/96 MP: 12/12
   835 | D        | Noticed an ice devil
   835 | D        | Noticed Maurice
   837 | D        | Reached skill level 11 in Fighting
   841 | D        | Killed an unseen horror
   842 | D        | Reached skill level 5 in Axes
   843 | D        | Reached XP level 9. HP: 53/105 MP: 3/14
   843 | D        | Killed an ice devil
   854 | D        | Killed Maurice
   855 | D        | Reached skill level 12 in Fighting
  1241 | D        | Noticed a sun demon
  1243 | D        | Reached skill level 10 in Shields
  1243 | D        | Reached skill level 5 in Spellcasting
  1248 | D        | Killed a sun demon
  1249 | D        | Reached XP level 10. HP: 87/118 MP: 10/18
  1299 | D        | Noticed a two-headed ogre
  1304 | D        | Reached skill level 13 in Fighting
  1307 | D        | Killed a two-headed ogre
  1372 | D        | Reached skill level 10 in Axes
  1375 | D        | Noticed a six-headed hydra
  1381 | D        | Slain by a seven-headed hydra

Illustrated notes

Levels and vault maps discovered:
D:        pitsprint [storerooms_1, entrance_room_1, metal_vault_4, armoury_2,
          mini_pit_1, grid_room_1, main_hall_1, silver_pit, the_coven_3,
          the_vestibule_1, steel_vault_2, golden_pit, hallway_of_sentries,
          crystal_vault_3, iron_vault_5, final_vault]

Skill      XL: |  1  2  3  4  5  6  7  8  9 10 |
---------------+-------------------------------+-----
Fighting       | 5 7 8 9 10 11 12 13 | 13.5
Maces & Flails | 2 3 5 6 7 8 |  8.8
Dodging        | 3 4 5 6 7 8 9 |  9.8
Shields        | 4 6 7 8 9 10 | 10.7
Armour         | 2 3 4 |  4.0
Invocations    | 3 4 6 7 8 9 |  9.4
Axes           | 3 6 8 10 | 10.0
Spellcasting   | 2 5 6 |  6.6

Action                   |  1- 3 |  4- 6 |  7- 9 | 10-12 || total
-------------------------+-------+-------+-------+-------++-------
Melee: Flail             |    34 |     6 |       |       ||    40
       Mace              |       |    21 |    15 |       ||    36
       Broad axe         |       |       |    17 |    15 ||    32
Invok: Slouch            |       |     1 |     7 |     1 ||     9
  Use: Potion            |     1 |       |     3 |     1 ||     5
 Stab: Sleeping          |       |     2 |       |       ||     2
Armor: Robe              |     9 |    15 |     8 |     4 ||    36
Dodge: Dodged            |    27 |    15 |    20 |    11 ||    73
Block: Kite shield       |    25 |    15 |    22 |    19 ||    81

Table legend: (Time is in decaauts)
 A = Elapsed time spent in this place.
 B = Non-inter-level travel time spent in this place.
 C = Inter-level travel time spent in this place.
 D = Time resting spent in this place.
 E = Time spent auto-exploring this place.
 F = Levels seen in this place.
 G = Mean time per level.
                   A        B        C        D        E       F      G
               +--------+--------+--------+--------+--------+-----+--------+
         Total |   1613 |   1504 |    109 |    958 |      0 |   1 | 1613.0 |
       Dungeon |   1613 |   1504 |    109 |    958 |      0 |   1 | 1613.0 |
               +--------+--------+--------+--------+--------+-----+--------+

Top non-repeatable levels by time:
       D: 1613 daAuts
